 Dungeon Crawl Stone Soup version 0.30-a0-748-ge6a52f7cba (webtiles) character file.

Game seed: 12317385637921838477

98 tilp the Covered (level 5, -2/46 HPs)
             Began as a Meteoran Fighter on Feb 8, 2023.
             Slain by Crazy Yiuf
             ... wielding a +4 quarterstaff of chaos
              (11 damage)
             ... on level 3 of the Dungeon.
             The game lasted 00:04:30 (992 turns).

tilp the Covered (Meteoran Fighter)                  Turns: 992, Time: 00:04:30

Health: -2/46      AC:  9    Str: 17    XL:     5   Next: 21%
Magic:  6/6        EV:  7    Int: 10    God:
Gold:   137        SH:  5    Dex: 15    Spells: 4/4 levels left

rFire   + . .      SeeInvis .    a - +0 long sword
rCold   . . .      Faith    .    c - +0 buckler
rNeg    . . .      Spirit   .    k - +0 chain mail {rF+}
rPois   .          Reflect  .    (no helmet)
rElec   .          Harm     .    (no cloak)
rCorr   +          Rampage  .    (no gloves)
Will    +....                    (no boots) Stlth
                                 (no amulet)
HPRegen 0.27/turn                e - ring of willpower
MPRegen 0.10/turn                l - ring of resist corrosion

@: lethally poisoned (-2 -> -10), glowing
A: sense surroundings 1, otherworldly, glowing, explore regen
a: no special abilities


You were on level 3 of the Dungeon.
You visited 1 branch of the dungeon, and saw 4 of its levels.

You collected 137 gold pieces.

Inventory:

Hand Weapons
 a - a +0 long sword (weapon)
Missiles
 f - 32 stones
 h - 4 poisoned darts (quivered)
 j - 3 silver boomerangs
Armour
 c - a +0 buckler (worn)
 k - a +0 chain mail of fire resistance (worn)
Jewellery
 e - a ring of willpower (left hand)
 l - a ring of resist corrosion (right hand)
Wands
 b - a wand of flame (5)
Potions
 d - a potion of might
 g - 2 potions of curing
 i - a potion of experience {unknown}


   Skills:
 + Level 3.6 Fighting
 * Level 3.4 Long Blades
 + Level 0.1 Throwing
 - Level 4.0 Armour
 * Level 2.1 Dodging
 * Level 1.3 Stealth
 - Level 4.0 Shields
 + Level 0.1 Evocations


You had 4 spell levels left.
You didn't know any spells.
Your spell library was empty.

Dungeon Overview and Level Annotations

Branches:
Dungeon (4/15) Zot: 1368
 Temple: D:4-7

Altars:

Annotations:
D:3 Crazy Yiuf


Innate Abilities, Weirdness & Mutations

You passively map a small area around you.
You are easily found by Zot.
You glow in the dark.
You regain HP and MP as you explore.


Message History

The hobgoblin hits you but does no damage.
You barely miss the hobgoblin.
The hobgoblin is heavily wounded.
The hobgoblin closely misses you.
You hit the hobgoblin.
The hobgoblin is almost dead.
The hobgoblin hits you but does no damage.
You barely miss the hobgoblin.
The hobgoblin is almost dead.
The hobgoblin hits you but does no damage. x2
You barely miss the hobgoblin.
The hobgoblin is almost dead.
The hobgoblin hits you but does no damage.
You slash the hobgoblin!
You kill the hobgoblin!
No target in view!
No target in view!
Found 12 gold pieces.
You now have 137 gold pieces (gained 12).
Found a hammer.
Found a hammer.
Found a runed translucent door.
Crazy Yiuf shouts!
You open the door. You closely miss Crazy Yiuf.
Crazy Yiuf hits you with a +4 quarterstaff of chaos!
You are poisoned.
You hit Crazy Yiuf.
Crazy Yiuf is moderately wounded.
You feel very sick.
Crazy Yiuf laughs, "Earwax!"
Crazy Yiuf hits you with a +4 quarterstaff of chaos! x2
* * * LOW HITPOINT WARNING * * *
Crazy Yiuf freezes you.
* * * LOW HITPOINT WARNING * * *
You hit Crazy Yiuf but do no damage.
Crazy Yiuf is moderately wounded.
* * * LOW HITPOINT WARNING * * *
You feel very sick.
Crazy Yiuf hits you with a +4 quarterstaff of chaos!
You die...

.....#....# * ##.#
..##...>..## ** *
#.# ...........# ..#
.####.##.### ##### *
#### .# #.##.# #..)#
# .# #.##.# #...# *
# .# #.##.# ... # .#
#.##.# *#g# # .#
#.##.### ♣♣@♣ * # .#
##......# ♣.♣♣ * #
.###...)..## ♣♣.♣ *
# ........).# ♣.♣♣ #
.......#.## ♣♣.♣♣
#### # ...#.#.#.#
♣...♣♣ ..# #
...#..>..### ♣....♣
*#.# # ...###.....#
#....# #.#########
.........###
#....#####..........


You could see Crazy Yiuf.

Vanquished Creatures
  Ijyb (D:3)
  2 adders (D:3)
  A worm (D:3)
  A dart slug (D:1)
  4 orcs (D:3)
  5 ball pythons
  4 bats
  3 endoplasms
  2 goblins
  5 hobgoblins
  6 jackals (D:1)
  A frilled lizard (D:1)
  2 giant cockroaches (D:1)
  3 kobolds
  A rat (D:1)
41 creatures vanquished.

Notes
Turn   | Place    | Note
-------+----------+-------------------------------------------
     0 | D:1      | tilp the Meteoran Fighter began the quest for the Orb.
     0 | D:1      | Reached XP level 1. HP: 19/19 MP: 2/2
    53 | D:1      | Reached XP level 2. HP: 17/26 MP: 3/3
   222 | D:1      | Reached skill level 1 in Dodging
   222 | D:1      | Reached XP level 3. HP: 28/31 MP: 4/4
   299 | D:1      | Found a faded altar of an unknown god.
   598 | D:3      | Reached skill level 1 in Stealth
   598 | D:3      | Reached XP level 4. HP: 38/38 MP: 5/5
   772 | D:3      | Noticed Ijyb
   791 | D:3      | Killed Ijyb
   792 | D:3      | Reached XP level 5. HP: 17/45 MP: 6/6
   985 | D:3      | Found a runed translucent door.
   986 | D:3      | Noticed Crazy Yiuf
   992 | D:3      | Slain by Crazy Yiuf

Illustrated notes

Levels and vault maps discovered:
D:1:      dpeg_arrival_rhombi, layout_rooms, shapermc_ecumenical_altar_rom_forum
D:2:      layout_basic
D:3:      layout_loops_ring, uniq_ijyb, uniq_crazy_yiuf_cottage
D:4:      layout_loops_ring, mainiacjoe_overflow_six_doors_small,
          amethyst_overflow_temple_binary, nicolae_gozag_seed_capital,
          serial_shops, shop, nicolae_square_shop,
          nicolae_shop_temple_entry_statues_fountains, shop,
          minmay_tree_intersection, uniq_eustachio, uniq_robin

Skill      XL: |  1  2  3  4  5 |
---------------+----------------+-----
Dodging        | 1 2 |  2.1
Long Blades    | 3 |  3.4
Stealth        | 1 |  1.3
Armour         | 4 |  4.0
Shields        | 4 |  4.0
Fighting       | |  3.6
Throwing       | |  0.1
Evocations     | |  0.1

Action                     |  1- 3 |  4- 6 || total
---------------------------+-------+-------++-------
  Melee: Long sword        |    80 |    50 ||   130
    Use: Scroll            |     5 |     1 ||     6
 Armour: Scale mail        |    47 |     2 ||    49
         Chain mail        |       |    26 ||    26
  Dodge: Dodged            |    43 |    11 ||    54
  Block: Buckler           |    18 |    14 ||    32

Table legend: (Time is in decaauts)
 A = Elapsed time spent in this place.
 B = Non-inter-level travel time spent in this place.
 C = Inter-level travel time spent in this place.
 D = Time resting spent in this place.
 E = Time spent auto-exploring this place.
 F = Levels seen in this place.
 G = Mean time per level.
                   A        B        C        D        E       F      G
               +--------+--------+--------+--------+--------+-----+--------+
         Total |   1030 |    966 |     64 |      0 |      0 |   4 |  257.5 |
       Dungeon |   1030 |    966 |     64 |      0 |      0 |   4 |  257.5 |
               +--------+--------+--------+--------+--------+-----+--------+

Top non-repeatable levels by time:
     D:3: 422 daAuts
     D:1: 378 daAuts
     D:2: 225 daAuts
     D:4: 3 daAuts
